 Dungeon Crawl Stone Soup version 0.16-a0-1816-g2c93a98 (webtiles) character file.

90 timbw the Chucker (level 4, 2/41 HPs)
             Began as a Troll Hunter on Nov 4, 2014.
             Quit the game on level 5 of the Dungeon.
             The game lasted 00:03:32 (730 turns).

timbw the Chucker (Troll Hunter)                     Turns: 730, Time: 00:03:32

Health: 2/41       AC:  5    Str: 20    XL:     4   Next: 32%
Magic:  2/2        EV: 10    Int:  7    God:
Gold:   72         SH:  0    Dex: 11    Spells: 0 memorised, 3 levels left

rFire  . . .     SeeInvis .     (no weapon)
rCold  + . .     Clarity  .     d - +0 animal skin
rNeg   . . .     SustAb   .     (shield restricted)
rPois  .         Gourm    +     (helmet restricted)
rElec  .         Spirit   .     (no cloak)
rCorr  .         Warding  .     (gloves unavailable)
rMut   .         Stasis   .     (boots unavailable)
MR     .....                    (no amulet)
Stlth  +.........               (no ring)
                                g - ring of protection from cold

@: very slightly contaminated, hasted, very quick, not resistant to hostile
enchantments, very unstealthy
A: unfitting armour, claws 3, fast metabolism 3, gourmand, regeneration 2,
shaggy fur 1, tough skin 2
a: no special abilities


You were on level 5 of the Dungeon.
You were not hungry.

You visited 1 branch of the dungeon, and saw 5 of its levels.

You collected 72 gold pieces.

Inventory:

Hand weapons
 h - a +0 club
 p - a +0 blowgun
Missiles
 b - 4 large rocks (quivered)
 c - 2 throwing nets
 q - 8 curare-tipped needles
Armour
 d - a +0 animal skin (worn)
Jewellery
 g - a ring of protection from cold (left claw)
Potions
 e - a potion of brilliance
 k - a potion of confusion {unknown}
 n - a potion of curing {unknown}
 r - a potion of might {unknown}
Comestibles
 a - 2 meat rations
 f - a chunk of flesh
 j - a bread ration
 o - a slice of pizza


   Skills:
 - Level 1.5 Fighting
 + Level 3.5 Maces & Flails
 - Level 3.6 Throwing
 - Level 1.7 Dodging
 - Level 0.4 Stealth


You had 3 spell levels left.
You didn't know any spells.

Dungeon Overview and Level Annotations

Branches:
Dungeon (5/15)
 Temple: D:4-7

Altars:
Elyvilon


Innate Abilities, Weirdness & Mutations

You are too large for most types of armour.
You have claws for hands.
Your metabolism is lightning-fast.
You like to eat raw meat.
You heal very quickly.
You are covered in fur (AC +1).
You have very tough skin (AC +2).


Message History

You closely miss something. The orc hits you with a hand axe.
The orc hits you with a club.
The orc priest mumbles some strange prayers to Beogh against you.
Something smites you!
* * * LOW HITPOINT WARNING * * *
Drink which item? (? for menu, Esc to quit)
You feel yourself speed up.
It was a potion of haste.
The orc hits you with a hand axe.
* * * LOW HITPOINT WARNING * * *
The orc wizard gestures wildly while chanting.
The orc wizard blinks!
The orc closely misses you.
You are very lightly contaminated with residual magic.
You closely miss something. Something hits you.
* * * LOW HITPOINT WARNING * * *
The orc hits you but does no damage.
You miss something. The orc hits you with a club.
* * * LOW HITPOINT WARNING * * *
Are you sure you want to abandon this character and quit the game? (Confirm with "yes".)
Okay, then.
Are you sure you want to abandon this character and quit the game? (Confirm with "yes".)

**,,*,,,,..*
*,,,,***..#*****
****,,##....,,,*
**,.......,,**
**.o...,,,,,**
*ro.,,,,,,,,**
##o#,,,,,,,,,,**
#oo#*,,,,,,*,,,**
#@##*,,,,,**,,,,**
##{##**,,,,*,,,,,,*
**#.o.# *,,,,,,,,,,,*
**,###<#**,,,,_,,*,,,,
*,** #..#*,,,,,,***,,,
*,** ##..#,,,,,** **,,
**,** *#..$,,,,* *,,
*,,* *....,,** **,
**,** *#....,* *,


You could see an orc priest, 5 orcs and a rat.

Vanquished Creatures
  A giant frog (D:3)
  A worm (D:3)
  2 giant geckos
  A bat (D:3)
  2 giant cockroaches (D:1)
  2 goblins (D:3)
  3 hobgoblins
  2 jackals (D:1)
  2 ball pythons
  3 giant newts
  3 kobolds (D:3)
  4 rats
26 creatures vanquished.

Notes
Turn   | Place    | Note
--------------------------------------------------------------
     0 | D:1      | timbw, the Troll Hunter, began the quest for the Orb.
     0 | D:1      | Reached XP level 1. HP: 19/19 MP: 1/1
   123 | D:1      | Reached skill level 1 in Maces & Flails
   134 | D:1      | Reached XP level 2. HP: 24/27 MP: 1/1
   380 | D:3      | Noticed a giant frog
   385 | D:3      | Killed a giant frog
   385 | D:3      | Reached XP level 3. HP: 33/33 MP: 2/2
   385 | D:3      | Reached XP level 4. HP: 41/41 MP: 2/2
   646 | D:5      | Entered Level 5 of the Dungeon
   686 | D:4      | Found a white marble altar of Elyvilon.
   729 | D:5      | HP: 2/41 [orc/club (1)]
   730 | D:5      | Quit the game

Action                   |  1- 3 |  4- 6 || total
-------------------------+-------+-------++-------
Melee: Unarmed           |    52 |    33 ||    85
Throw: Large rock        |     2 |       ||     2
  Use: Scroll            |       |     4 ||     4
       Potion            |       |     1 ||     1
  Eat: Chunk             |     1 |     3 ||     4
